 Dungeon Crawl Stone Soup version 0.21-a0-47-g7c8f537 (webtiles) character file.

608 roguesci the Sneak (level 7, -1/63 HPs)
             Began as a Naga Transmuter on June 8, 2017.
             Slain by a mummy (6 damage)
             ... in an ossuary.
             The game lasted 00:20:20 (7240 turns).

roguesci the Sneak (Naga Transmuter)                Turns: 7240, Time: 00:20:21

Health: -1/63      AC:  5    Str: 13    XL:     7   Next: 43%
Magic:  2/11       EV: 21    Int: 15    God:
Gold:   167        SH:  0    Dex: 16    Spells: 9/12 levels left

rFire    . . .     SeeInvis +     - Unarmed
rCold    . . .     Gourm    .   (shield currently unavailable)
rNeg     . . .     Faith    .   (armour currently unavailable)
rPois    x         Spirit   .   (helmet currently unavailable)
rElec    .         Reflect  .   (cloak currently unavailable)
rCorr    .         Harm     .   (gloves currently unavailable)
MR       .....                  (no barding)
Stlth    +++.......             (no amulet)
Regen    0.2/turn               t - +3 ring of protection
MPRegen  0.2/turn               (no ring)

@: spider-form, very slightly contaminated
A: see invisible, slow metabolism 1, spit poison 1, AC +2
a: Spit Poison, End Transformation


You were in an ossuary.
You were not hungry.
You were a venomous arachnid creature.
You visited 1 branch of the dungeon, and saw 5 of its levels.
You also visited: Ossuary.

You collected 167 gold pieces.

Inventory:

Hand Weapons
 n - a +4 dagger of speed (melded)
Missiles
 j - 171 stones (quivered)
Armour
 b - a +1 robe (melded)
 l - a +2 pair of gloves (melded)
 q - a +0 helmet (melded)
Jewellery
 t - a +3 ring of protection (left front leg)
Wands
 g - a wand of random effects (45/48)
Scrolls
 h - 5 scrolls of identify
 i - 3 scrolls of remove curse
Potions
 s - a potion of flight
Books
 c - a book of Changes

   Spells                             Type                      Level
   a - Beastly Appendage              Transmutation                1
   b - Sticks to Snakes               Transmutation                2
   c - Spider Form                    Transmutation/Poison         3
   d - Ice Form                       Ice/Transmutation            4
   e - Blade Hands                    Transmutation                5
 p - Sif Muna's Almanac of the Volcanoes
   (You found it on level 4 of the Dungeon)

   Spells                             Type                      Level
   a - Flame Tongue                   Conjuration/Fire             1
 r - a book of Misfortune

   Spells                             Type                      Level
   a - Confusing Touch                Hexes                        1
   b - Confuse                        Hexes                        3
   c - Gell's Gravitas                Translocation                3
   d - Petrify                        Transmutation/Earth          4
   e - Metabolic Englaciation         Hexes/Ice                    5
   f - Yara's Violent Unravelling     Hexes/Transmutation          5
Comestibles
 a - a royal jelly
 d - 5 bread rations
 v - a chunk of flesh
 w - a meat ration


   Skills:
 * Level 3.8 Fighting
 * Level 3.2 Dodging
 + Level 3.8 Stealth
 + Level 3.8 Unarmed Combat
 + Level 3.1 Spellcasting
 * Level 3.5 Transmutations
 + Level 2.1 Poison Magic


You had 9 spell levels left.
You knew the following spells:

 Your Spells              Type           Power        Failure   Level  Hunger
b - Spider Form           Tmut/Pois      ##........   38%         3    ###....


Dungeon Overview and Level Annotations

Branches:
Dungeon (5/15)
 Temple: D:4-7

Altars:
Fedhas
Nemelex Xobeh
Sif Muna
Yredelemnul

Annotations:
D:3 Borgoz's ghost, amateur DsAK


Innate Abilities, Weirdness & Mutations

You cannot wear boots.
((Your serpentine skin is tough. (AC +2)))
You have supernaturally acute eyesight. (SInv)
((Armour fits poorly on your strangely shaped body.))
((Your system is resistant to poisons. (rPois)))
((You cover ground very slowly.))
You have a slow metabolism.
You can spit poison.


Message History

You hit the mummy.
The mummy is severely damaged.
The killer bee zombie closely misses you.
The mummy completely misses you. The killer bee zombie misses you.
You hit the mummy.
The mummy is severely damaged.
The killer bee zombie misses you. The mummy completely misses you.
The killer bee zombie hits you!
* * * LOW HITPOINT WARNING * * *
The mummy completely misses you.
Unknown command.
You hit the mummy.
The mummy is almost destroyed.
The killer bee zombie misses you.
You hit the mummy.
You destroy the mummy!
The killer bee zombie misses you.
The killer bee zombie hits you but does no damage.
The mummy hits you.
You die...

### ##### #.#
#.#.#
###'#'#'#'#+#+#+#
#.'ZM.MMZ.......+
###M##M##'##'##.#
'.#. #.#?ZZ# ##M#
###!ZZ# '.#
#ZMs#.+ #M#
#####.# ##


ZM. ≈≈≈ ≈ #.# #####.# ≈ #∩..#≈≈.# #.∩.#≈#M# #...#.'. ##+##+##'##.###
≈≈.≈≈.≈≈≈M≈≈≈P# You could see a mummy, an adder zombie, a hound zombie, a
bullfrog zombie, a worker ant zombie and a killer bee zombie.

Vanquished Creatures
  A scorpion (D:4)
  A centaur skeleton (D:4)
  3 hounds (D:4)
  An orc wizard (D:4)
  Jessica (D:1)
  An iguana (D:5)
  5 mummies (Ossuary)
  A worker ant (D:4)
  A hound skeleton (D:5)
  A howler monkey zombie (Ossuary)
  Robin (D:2)
  4 gnolls (D:4)
  7 adders
  An ooze (D:3)
  5 worms
  3 leopard geckos
  10 orcs
  6 bats
  4 giant cockroaches
  16 goblins
  7 hobgoblins
  2 jackals (D:3)
  8 kobolds
  2 ball pythons (D:3)
  5 frilled lizards
  A leopard gecko skeleton (D:4)
  15 rats
113 creatures vanquished.

Vanquished Creatures (others)
  An orc wizard (D:4)
1 creature vanquished.

Grand Total: 114 creatures vanquished

Notes
Turn   | Place    | Note
-------+----------+-------------------------------------------
     0 | D:1      | roguesci the Naga Transmuter began the quest for the Orb.
     0 | D:1      | Reached XP level 1. HP: 18/18 MP: 3/3
   292 | D:1      | Reached XP level 2. HP: 23/25 MP: 5/5
  1573 | D:2      | Reached XP level 3. HP: 3/32 MP: 4/6
  1581 | D:2      | Learned a level 3 spell: Spider Form
  1792 | D:2      | Reached skill level 1 in Stealth
  1995 | D:2      | Noticed Jessica
  1998 | D:2      | Noticed Robin
  2454 | D:1      | Killed Jessica
  2454 | D:1      | Reached XP level 4. HP: 30/39 MP: 0/7
  2580 | D:2      | Killed Robin
  3447 | D:3      | Reached XP level 5. HP: 34/46 MP: 4/9
  3497 | D:3      | Noticed Borgoz's ghost (amateur DsAK)
  3840 | D:3      | Found a sparkling altar of Nemelex Xobeh.
  4705 | D:3      | Reached skill level 1 in Poison Magic
  5153 | D:3      | Found a blossoming altar of Fedhas.
  5421 | D:4      | Reached XP level 6. HP: 56/56 MP: 10/10
  5971 | D:4      | Found a basalt altar of Yredelemnul.
  6333 | D:4      | Reached XP level 7. HP: 54/62 MP: 11/11
  6396 | D:4      | Found a deep blue altar of Sif Muna.
  6648 | D:4      | Identified Sif Muna's Almanac of the Volcanoes
  6975 | D:5      | Entered Level 5 of the Dungeon
  7123 | D:5      | Found a sand-covered staircase.
  7132 | Ossuary  | Entered an ossuary
  7240 | Ossuary  | Slain by a mummy

Vault maps used:
D:1:      kilobyte_arrival_exit_the_forest
D:2:      first_bread, grunt_ministairs_9, uniq_jessica, uniq_robin
D:3:      nemelex_xobeh_ov_fountains_minmay, fedhas_altar_1
D:4:      lemuel_crystal_altar, led_sif_book
D:5:      hangedman_ru_absence, minmay_temple_entry_glass,
          gup_sewer_entry_glass, nicolae_ossuary_entry_ruins
Ossuary:  ossuary_zaba_flooded

Skill      XL: |  1  2  3  4  5  6  7 |
---------------+----------------------+-----
Stealth        | 1 2 3 |  3.8
Fighting       | 2 3 |  3.8
Dodging        | 2 3 |  3.2
Poison Magic   | 1 2 |  2.1
Transmutations | 3 |  3.5
Spellcasting   | 3 |  3.1
Unarmed Combat | |  3.8

Action                   |  1- 3 |  4- 6 |  7- 9 || total
-------------------------+-------+-------+-------++-------
Melee: Unarmed           |   134 |    66 |    46 ||   246
       Punch             |     3 |     3 |       ||     6
       Headbutt          |     1 |     1 |       ||     2
       Dagger            |       |   254 |    33 ||   287
Throw: Stone             |       |     2 |    73 ||    75
 Cast: Beastly Appendage |     3 |     1 |       ||     4
       Spider Form       |     5 |    11 |     5 ||    21
  Use: Potion            |     5 |     1 |     3 ||     9
       Scroll            |       |       |    10 ||    10
 Stab: Sleeping          |     2 |     4 |       ||     6
  Eat: Chunk             |     3 |    12 |       ||    15
       Fruit             |       |       |     3 ||     3
       Royal jelly       |       |       |     1 ||     1
Armor: Robe              |    24 |    53 |    15 ||    92
       Skin              |     3 |     1 |    10 ||    14
Dodge: Dodged            |   117 |   152 |    92 ||   361
